 Dungeon Crawl Stone Soup version 0.30-a0-760-g5a9884bb7c (webtiles) character file.

Game seed: 4165686917138798607

5 BigDaddyOpFi the Digger (level 2, 0/20 HPs)
             Began as a Meteoran Earth Elementalist on Feb 10, 2023.
             Slain by a jackal (1 damage)
             ... on level 1 of the Dungeon.
             The game lasted 00:00:12 (41 turns).

BigDaddyOpFi the Digger (Meteoran Earth Elementalist) Turns: 41, Time: 00:00:12

Health: 0/20       AC:  2    Str:  9    XL:     2   Next: 5%
Magic:  3/6        EV:  9    Int: 16    God:
Gold:   0          SH:  0    Dex: 14    Spells: 5/6 levels left

rFire   . . .      SeeInvis .    (no weapon)
rCold   . . .      Faith    .    (no shield)
rNeg    . . .      Spirit   .    a - +0 robe
rPois   .          Reflect  .    (no helmet)
rElec   .          Harm     .    (no cloak)
rCorr   .          Rampage  .    (no gloves)
Will    .....                    (no boots)
Stlth   +                        (no amulet)
HPRegen 0.23/turn                (no ring)
MPRegen 0.10/turn                (no ring)

@: glowing, constricted
A: sense surroundings 1, otherworldly, glowing, explore regen
a: no special abilities


You were on level 1 of the Dungeon.
You visited 1 branch of the dungeon, and saw 1 of its levels.

Inventory:

Armour
 a - a +0 robe (worn)
Jewellery
 c - a +6 ring of intelligence
Potions
 b - a potion of magic


   Skills:
 + Level 2.5 Dodging
 + Level 1.5 Stealth
 + Level 2.8 Spellcasting
 + Level 1.4 Transmutations
 + Level 3.7 Earth Magic


You had 5 spell levels left.
You knew the following spells:

 Your Spells              Type           Power      Damage    Failure   Level
a - Sandblast             Erth           28%        2d8       4%          1

Your spell library contained the following spells:

 Spells                   Type           Power      Damage    Failure   Level
 Passwall                 Tmut/Erth      8%         N/A       10%         2
 Stone Arrow              Conj/Erth      16%        3d8       26%         3
 Petrify                  Tmut/Erth      10%        N/A       54%         4


Dungeon Overview and Level Annotations

Branches:
Dungeon (1/15) Zot: 555

Altars:

Shops:
D:1 [


Innate Abilities, Weirdness & Mutations

You passively map a small area around you.
You are easily found by Zot.
You glow in the dark.
You regain HP and MP as you explore.


Message History

The jackal misses you. The jackal closely misses you.
The jackal bites you but does no damage.
The jackal attacks as you move away! The jackal bites you.
The jackal attacks as you move away! The jackal bites you.
The bat attacks as you move away! The bat closely misses you.
The bat hits you but does no damage. The bat hits you but does no damage.
The jackal bites you but does no damage.
The jackal attacks as you move away! The jackal bites you.
The jackal attacks as you move away! The jackal bites you.
A ball python comes into view.
The bat hits you. The kobold attacks as you move away!
The kobold closely misses you.
Found a ring mail and 13 gold pieces.
The bat hits you but does no damage. The jackal completely misses you.
The jackal attacks as you move away! The jackal closely misses you.
The kobold attacks as you move away! The kobold hits you with a +0 dagger.
The jackal attacks as you move away! The jackal bites you.
A bat comes into view.
The bat closely misses you. The ball python bites you.
The ball python grabs you. The ball python constricts you.
You see here a +6 ring of intelligence.
You hit the ball python.
The ball python is moderately wounded.
The bat hits you. The kobold hits you with a +0 dagger.
The ball python closely misses you. The ball python constricts you.
The jackal bites you.
You barely miss the jackal. The bat closely misses you.
The bat barely misses you. The kobold hits you with a +0 dagger.
* * * LOW HITPOINT WARNING * * *
The bat hits you.
* * * LOW HITPOINT WARNING * * *
The kobold hits you but does no damage.
The jackal bites you but does no damage.
The jackal barely misses you. The ball python bites you.
* * * LOW HITPOINT WARNING * * *
The ball python constricts you.
c - a +6 ring of intelligence The bat barely misses you. x2; The jackal bites you.
You die...

##...,............, , ,,
..... #..$....# * , ,, ,
.... #.......#####* ,. ,
#.. #............ ..
#####.##........#####.# ,
##.##....##.....#.....#.
÷+..##..##............[#*
##......#......hhbb.....
##.##.#...)...lK@.......
*
##..#.#...†....K.S......
.'......................
,
##.#....?...............
##.....#..............$.
####.##................ ,
, , #†.##................
*#..........$...##.##. ,
##.#####....## *


You could see 2 jackals, 2 bats, a ball python, 2 kobolds and a frilled lizard.

Vanquished Creatures
  A ball python (D:1)
  A bat (D:1)
  A goblin (D:1)
  A jackal (D:1)
4 creatures vanquished.

Notes
Turn   | Place    | Note
-------+----------+-------------------------------------------
     0 | D:1      | BigDaddyOpFi the Meteoran Earth Elementalist began the
                  | quest for the Orb.
     0 | D:1      | Reached XP level 1. HP: 14/14 MP: 5/5
    25 | D:1      | Reached XP level 2. HP: 20/20 MP: 1/6
    32 | D:1      | Found Loceblomp's Antique Armour Shoppe.
    40 | D:1      | HP: 1/20 [ball python (3)]
    41 | D:1      | Slain by a jackal

Illustrated notes

Levels and vault maps discovered:
D:1:      heliophobic_arrival_battle_scene, layout_rooms, serial_shops, shop,
          st_stairs_3

Action                     || total
---------------------------++-------
  Melee: Unarmed           ||     2
   Cast: Sandblast         ||     5
 Armour: Robe              ||    11
  Dodge: Dodged            ||    20

Table legend: (Time is in decaauts)
 A = Elapsed time spent in this place.
 B = Non-inter-level travel time spent in this place.
 C = Inter-level travel time spent in this place.
 D = Time resting spent in this place.
 E = Time spent auto-exploring this place.
 F = Levels seen in this place.
 G = Mean time per level.
                   A        B        C        D        E       F      G
               +--------+--------+--------+--------+--------+-----+--------+
         Total |     43 |     43 |      0 |      0 |     12 |   1 |   43.0 |
       Dungeon |     43 |     43 |      0 |      0 |     12 |   1 |   43.0 |
               +--------+--------+--------+--------+--------+-----+--------+

Top non-repeatable levels by time:
     D:1: 43 daAuts
